 Dungeon Crawl Stone Soup version 0.31-a0-948-gf5be29c462 (webtiles) character file.

Game seed: 2069008917292759142

2475 Mgcat the Geomancer (level 10, -3/63 (74) HPs)
             Began as a Meteoran Earth Elementalist on Oct 20, 2023.
             Was an Initiate of Gozag.
             Slain by a wight
             ... wielding a +0 scimitar
              (13 damage)
             ... on level 7 of the Dungeon on Oct 21, 2023.
             The game lasted 00:10:21 (3827 turns).

Mgcat the Geomancer (Meteoran Earth Elementalist)   Turns: 3827, Time: 00:10:22

HP:   -3/63 (74)    AC: 12    Str:  9    XL:     10   Next: 7%
MP:   0/24          EV: 15    Int: 22    God:    Gozag
Gold: 666           SH:  0    Dex: 15    Spells: 19/27 levels left

rFire   . . .        H - +5 scimitar
rCold   . . .        (no shield)
rNeg    . . .        F - +0 swamp dragon scales
rPois   +            (no helmet)
rElec   .            (no cloak)
rCorr   .            r - +2 pair of gloves {hurl}
SInv    +            a - +0 pair of boots
Will    +....        y - amulet of guardian spirit {Spirit}
Stlth   +            i - +5 ring of evasion
HPRegen 0.30/turn    p - ring of see invisible {sInv, !d}
MPRegen 0.19/turn

%: guardian spirit
@: gold aura, glowing, heavily drained
A: sense surroundings 2, otherworldly, glowing, explore regen
a: Renounce Religion, Potion Petition, Call Merchant, Bribe Branch


You were on level 7 of the Dungeon.
You worshipped Gozag.
Gozag was pleased with you.
You visited 1 branch of the dungeon, and saw 8 of its levels.

You collected 697 gold pieces.
You paid 31 gold pieces to Gozag.

Inventory:

Hand Weapons
 H - a +5 scimitar (weapon)
   (You took it off a wight on level 7 of the Dungeon)
Missiles
 A - a throwing net {=f, !d}
Armour
 a - a +0 pair of boots (worn)
   (You found it on level 7 of the Dungeon)
 r - a +2 pair of gloves of hurling (worn)
   (You found it on level 4 of the Dungeon)
 F - +0 swamp dragon scales (worn)
   (You took it off Maggie on level 7 of the Dungeon)
Jewellery
 i - a +5 ring of evasion (left hand)
   (You found it on level 1 of the Dungeon)
 p - a ring of see invisible (right hand) {sInv, !d}
   (You found it on level 3 of the Dungeon)
 q - a +6 ring of dexterity
   (You found it on level 4 of the Dungeon)
 y - an amulet of guardian spirit (around neck) {Spirit}
   (You found it on level 5 of the Dungeon)
 B - a ring of resist corrosion
   (You found it on level 6 of the Dungeon)
Wands
 t - a wand of roots (24)
   (You found it on level 4 of the Dungeon)
 E - a wand of flame (28)
   (You found it on level 7 of the Dungeon)
 G - a wand of light (6)
   (You found it on level 7 of the Dungeon)
Scrolls
 c - 3 scrolls of enchant weapon {unknown}
 e - 8 scrolls of identify {unknown}
 k - 2 scrolls of fog {unknown}
 l - 2 scrolls of revelation {unknown}
 o - 2 scrolls of amnesia {unknown}
 s - a scroll of enchant armour {unknown}
 v - a scroll of teleportation {unknown}
 w - a scroll of blinking {unknown}
 x - a scroll of brand weapon {unknown}
 z - a scroll of vulnerability {unknown}
 D - a scroll of noise {unknown}
Potions
 b - a potion of magic
 d - a potion of ambrosia {unknown}
 f - a potion of enlightenment {unknown}
 g - 2 potions of curing {unknown}
 h - 2 potions of degeneration {unknown}
 j - 2 potions of cancellation {unknown}
 m - a potion of resistance {unknown}
 n - a potion of haste {unknown}
 u - a potion of lignification {unknown}
 C - a potion of brilliance {unknown}


   Skills:
 + Level 2.6 Fighting
 + Level 2.6 Armour
 - Level 2.1 Dodging
 - Level 1.4 Stealth
 + Level 9.2 Spellcasting
 + Level 6.9 Conjurations
 - Level 1.2 Transmutations
 + Level 9.5 Earth Magic


You had 19 spell levels left.
You knew the following spells:

 Your Spells              Type           Power      Damage    Failure   Level
a - Sandblast             Erth           100%       2d20      1%          1
b - Stone Arrow           Conj/Erth      92%        3d12      1%          3
c - Brom's Barrelling Bo  Conj/Erth      46%        2d6       6%          4

Your spell library contained the following spells:

 Spells                   Type           Power      Damage    Failure   Level
 Passwall                 Tmut/Erth      27%        N/A       3%          2
 Momentum Strike          Conj/Tloc      50%        3d9       6%          2
 Dazzling Flash           Conj/Hex       50%        N/A       13%         3
 Petrify                  Tmut/Erth      33%        N/A       19%         4
 Blink                    Tloc           20%        N/A       26%         2
 Lesser Beckoning         Tloc           20%        N/A       26%         2
 Volatile Blastmotes      Fire/Tloc      20%        2d11      47%         3
 Conjure Ball Lightning   Conj/Air       12%        3x3d6     100%        6
 Starburst                Conj/Fire      12%        6d5       100%        6
 Discord                  Hex            5%         N/A       100%        8
 Disjunction              Tloc           5%         N/A       100%        8
 Maxwell's Capacitive Co  Air            5%         ∞         100%        8


Dungeon Overview and Level Annotations

Branches:
Dungeon (8/15) Zot: 862    Temple (0/1) D:6            Lair (0/5) D:8

Altars:
Ashenzari
Fedhas
Gozag
Hepliaklqana
Makhleb
Ru
Trog
Wu Jian


Innate Abilities, Weirdness & Mutations

You passively map the area around you.
You are easily found by Zot.
You glow in the dark.
You regain HP and MP as you explore.


Message History

Magic restored.
You regained 6 hp, and now have 71/74 hp.
MP restored: 24 You climb downwards.
The wight misses you.
The wight hits you with a +4 long sword.
You feel drained. The wight hits you with a +4 mace!
You feel drained. The wight barely misses you. The wight closely misses you.
There is a stone staircase leading up here.
You take 8 damage, and have 63/71 hp.
You now have 22/24 mp.
Danger x4: wight x4!
Casting: Sandblast (safe; 1% risk of failure)
Confirm with . or Enter, or press ? or * to list all spells.
Aiming: Sandblast (safe; 1% risk of failure)
Press: ? - help, Shift-Dir - straight line, f - wight
Aim: a wight, wielding a +4 long sword and wearing a +0 robe (85% to hit)
The blast of sand hits the wight!
The wight is heavily damaged.
The wight misses you.
The wight hits you with a +4 long sword.
You feel drained. The wight barely misses you.
Okay, then.
You take 4 damage, and have 59/70 hp.
You now have 19/24 mp.
Danger x4: wight x4!
Casting: Sandblast (safe; 1% risk of failure)
Confirm with . or Enter, or press ? or * to list all spells.
Aiming: Sandblast (safe; 1% risk of failure)
Press: ? - help, Shift-Dir - straight line, f/p - wight
Aim: a wight, wielding a +4 long sword and wearing a +0 robe (heavily damaged, 85% to hit)
The blast of sand misses the wight.
The wight hits you with a +4 mace!
You feel drained.
The wight hits you with a +4 long sword!
You feel drained. The wight hits you with a +4 mace.
You feel drained.
The wight hits you from afar with a +2 heavy trident!
The wight completely misses you.
You take 24 damage, and have 35/66 hp.
MASSIVE DAMAGE!!
You now have 11/24 mp.
Danger x4: wight x4!
Casting: Sandblast (safe; 1% risk of failure)
Confirm with . or Enter, or press ? or * to list all spells.
Aiming: Sandblast (safe; 1% risk of failure)
Press: ? - help, Shift-Dir - straight line, f/p - wight
Aim: a wight, wielding a +4 long sword and wearing a +0 robe (heavily damaged, 85% to hit)
The blast of sand hits the wight!
You destroy the wight!
The wight hits you with a +4 mace! The wight closely misses you.
The wight hits you but does no damage.
You take 11 damage, and have 24/67 hp.
You now have 6/24 mp.
Warning x3: The wight can drain you in melee! x3
Casting: Sandblast (safe; 1% risk of failure)
Confirm with . or Enter, or press ? or * to list all spells.
Aiming: Sandblast (safe; 1% risk of failure)
Press: ? - help, Shift-Dir - straight line, f - wight
Aim: a wight, wielding a +0 scimitar and wearing a +0 robe (85% to hit)
The blast of sand misses the wight.
The wight barely misses you. The wight closely misses you.
The wight hits you with a +4 mace.
You feel drained. The wight barely misses you.
You take 1 damage, and have 23/65 hp.
You now have 5/24 mp.
Warning x3: The wight can drain you in melee! x3
Casting: Sandblast (safe; 1% risk of failure)
Confirm with . or Enter, or press ? or * to list all spells.
Aiming: Sandblast (safe; 1% risk of failure)
Press: ? - help, Shift-Dir - straight line, f/p - wight
Aim: a wight, wielding a +0 scimitar and wearing a +0 robe (85% to hit)
The blast of sand hits the wight.
The wight is moderately damaged.
The wight hits you but does no damage. The wight closely misses you.
The wight misses you. The wight barely misses you.
You now have 4/24 mp.
Warning x3: The wight can drain you in melee! x3
Casting: Sandblast (safe; 1% risk of failure)
Confirm with . or Enter, or press ? or * to list all spells.
Aiming: Sandblast (safe; 1% risk of failure)
Press: ? - help, Shift-Dir - straight line, f/p - wight
Aim: a wight, wielding a +0 scimitar and wearing a +0 robe (moderately damaged, 85% to hit)
The blast of sand hits the wight!
The wight is almost destroyed.
The wight closely misses you. The wight misses you.
The wight hits you with a +4 mace!
* * * LOW HITPOINT WARNING * * *
You feel drained.
* * * LOW HITPOINT WARNING * * *
The wight closely misses you.
You take 8 damage, and have 15/63 hp.
You now have 1/24 mp.
Warning x3: The wight can drain you in melee! x3
The wight hits you with a +0 scimitar.
* * * LOW HITPOINT WARNING * * *
The wight misses you.
You climb upwards.
There is a stone staircase leading down here.
You take 6 damage, and have 9/63 hp.
Warning x2: The wight can drain you in melee! x2
Casting: Sandblast (safe; 1% risk of failure)
Confirm with . or Enter, or press ? or * to list all spells.
Aiming: Sandblast (safe; 1% risk of failure)
Press: ? - help, Shift-Dir - straight line, f - wight
Aim: a wight, wielding a +4 mace and wearing a +0 robe (85% to hit)
The blast of sand hits the wight.
The wight is moderately damaged.
The wight hits you with a +0 scimitar!
You die...
Your body crumbles into a pile of gold.

#.....##.).#..#....#.....#
#)....##...#..#....#..)<.#
,,
#.)........#..#....#.....#
,,
...........#..'....#.....#,
, ,
...........#..#....#.....#
########..##..##...#.....#
* ** .....
,#..########'#....##, * *
..... #####.......#....#, ,
.....,,, ,#...z@..#....#,
,* , #### #.....z.'....#, *
, ,#.......#)...#, , ,#* ,
.######+##....# * , .# *
............### * ** .##...
,*.........(..# , , ...._.
............# , ,,, .##...
*, #...........# , , .# *
,*#...........+ ,,, ,


You could see 2 wights.

Vanquished Creatures
  Maggie (D:7)
  A hornet (D:7)
  A water moccasin (D:6)
  2 sky beasts
  2 black bears
  An ice beast (D:6)
  An ogre (D:2)
  2 phantoms
  A scorpion (D:4)
  A bullfrog (D:7)
  9 wights
  2 howler monkeys (D:7)
  2 jellies
  2 hounds
  4 orc priests
  2 sleepcaps
  2 iguanas (D:6)
  3 gnolls (D:5)
  8 adders
  2 shadow imps
  3 white imps
  2 worms
  14 orcs
  5 ball pythons
  3 endoplasms
  A giant cockroach (D:3)
  8 goblins
  5 hobgoblins
  4 jackals
  2 quokkas
  4 bats
  4 kobolds
  21 rats
125 creatures vanquished.

Notes
Turn   | Place    | Note
-------+----------+-------------------------------------------
     0 | D:1      | Mgcat the Meteoran Earth Elementalist began the quest for
                  | the Orb.
     0 | D:1      | Reached XP level 1. HP: 14/14 MP: 5/5
     0 | D:1      | Upgraded the game from 0.31-a0-940-gdaa99269f9 to
                  | 0.31-a0-948-gf5be29c462
   138 | D:1      | Reached skill level 3 in Spellcasting
   138 | D:1      | Reached XP level 2. HP: 20/20 MP: 1/7
   139 | D:1      | Noticed a glass eye
   141 | D:1      | Noticed a glass eye
   142 | D:1      | Found a faded altar of an unknown god.
   145 | D:1      | Noticed a shining eye
   145 | D:1      | Noticed a shining eye
   183 | D:1      | Reached skill level 4 in Earth Magic
   544 | D:2      | Reached XP level 3. HP: 26/26 MP: 6/9
   817 | D:2      | Reached XP level 4. HP: 31/33 MP: 0/10
   912 | D:2      | Noticed an ogre
   919 | D:2      | HP: 3/33 [ogre/+0 giant club (30)]
   920 | D:2      | Killed an ogre
   921 | D:2      | Reached skill level 4 in Spellcasting
   921 | D:2      | Reached skill level 5 in Earth Magic
   921 | D:2      | Reached XP level 5. HP: 4/38 MP: 5/13
  1076 | D:2      | Glimpsed the power of Zot.
  1176 | D:3      | Reached skill level 5 in Spellcasting
  1239 | D:3      | Reached XP level 6. HP: 45/45 MP: 11/14
  1351 | D:3      | Found an opulent altar of Gozag.
  1364 | D:3      | Became a worshipper of Gozag Ym Sagoz the Greedy
  1665 | D:3      | Glimpsed the power of Zot.
  1722 | D:4      | Reached skill level 6 in Earth Magic
  1841 | D:4      | Learned a level 3 spell: Stone Arrow
  1846 | D:4      | Learned a level 4 spell: Brom's Barrelling Boulder
  2249 | D:5      | Entered Level 5 of the Dungeon
  2256 | D:4      | Reached skill level 6 in Spellcasting
  2256 | D:4      | Reached skill level 1 in Conjurations
  2256 | D:4      | Reached XP level 7. HP: 50/50 MP: 12/17
  2261 | D:4      | Reached skill level 2 in Conjurations
  2388 | D:5      | Reached skill level 7 in Earth Magic
  2441 | D:5      | Reached skill level 3 in Conjurations
  2441 | D:5      | Reached XP level 8. HP: 57/57 MP: 15/19
  2826 | D:6      | Found an ornate altar of the Wu Jian Council.
  2880 | D:6      | Found a sacrificial altar of Ru.
  2885 | D:6      | Reached skill level 7 in Spellcasting
  2974 | D:6      | Reached skill level 4 in Conjurations
  3086 | D:6      | Found a blossoming altar of Fedhas.
  3166 | D:6      | Reached skill level 8 in Earth Magic
  3225 | D:6      | Found a burning altar of Makhleb.
  3229 | D:6      | Found a staircase to the Ecumenical Temple.
  3397 | D:6      | Found a broken altar of Ashenzari.
  3397 | D:6      | Found a bloodstained altar of Trog.
  3399 | D:6      | Reached skill level 5 in Conjurations
  3399 | D:6      | Gained mutation: You passively map the area around you.
                  | [Meteoran growth]
  3399 | D:6      | Reached XP level 9. HP: 62/62 MP: 19/21
  3417 | D:6      | Glimpsed the power of Zot.
  3442 | D:7      | Noticed Maggie
  3448 | D:7      | Reached skill level 8 in Spellcasting
  3452 | D:7      | Killed Maggie
  3463 | D:7      | Reached skill level 6 in Conjurations
  3540 | D:7      | Reached skill level 9 in Earth Magic
  3546 | D:7      | Reached skill level 1 in Fighting
  3546 | D:7      | Reached skill level 1 in Armour
  3590 | D:7      | Noticed a hornet
  3595 | D:7      | Killed a hornet
  3596 | D:7      | Reached skill level 2 in Fighting
  3596 | D:7      | Reached skill level 9 in Spellcasting
  3599 | D:7      | Reached skill level 2 in Armour
  3675 | D:7      | Found a hazy altar of Hepliaklqana.
  3703 | D:7      | Noticed a manticore
  3712 | D:8      | Reached XP level 10. HP: 74/74 MP: 22/24
  3720 | D:8      | Found a staircase to the Lair.
  3824 | D:8      | HP: 16/65 [wight/+4 mace (8)]
  3827 | D:7      | Slain by a wight

Illustrated notes

Levels and vault maps discovered:
D:1:      matt_arrival_diagonals, layout_basic,
          hellmonk_ecumenical_altar_watching_god
D:2:      layout_basic, minmay_rat_hole
D:3:      layout_basic, old_standard_altar, grunt_ministairs_10
D:4:      layout_basic, nrook_mini_backslash
D:5:      layout_rooms
D:6:      layout_loops_corners, kennysheep_mini, mainiacjoe_overflow_alcove_2,
          fedhas_altar_fruit_tree, gammafunk_temple_overflow_elements,
          nicolae_ru_sacrificial_ziggurat, mainiacjoe_overflow_cross_hatched,
          minmay_temple_entry_trees
D:7:      layout_gridville, nicolae_uskayaw_dance_hall,
          nicolae_overflow_crystal_walls, the_hattery, uniq_maggie
D:8:      layout_cave_pools, lair_entry_dummy, uniq_psyche

Skill      XL: |  1  2  3  4  5  6  7  8  9 |
---------------+----------------------------+-----
Spellcasting   | 3 4 5 6 7 9 |  9.2
Earth Magic    | 4 5 6 7 8 9 |  9.5
Conjurations   | 1 3 5 6 |  6.9
Fighting       | 2 |  2.6
Armour         | 2 |  2.6
Dodging        | |  2.1
Stealth        | |  1.4
Transmutations | |  1.2

Action                     |  1- 3 |  4- 6 |  7- 9 | 10-12 || total
---------------------------+-------+-------+-------+-------++-------
  Melee: Dagger            |    22 |    11 |       |       ||    33
   Cast: Sandblast         |    37 |    63 |   108 |    12 ||   220
 Armour: Robe              |     7 |    10 |    21 |       ||    38
         Swamp dragon scal |       |       |    10 |    24 ||    34
  Dodge: Dodged            |    26 |    26 |    32 |    28 ||   112

Table legend: (Time is in decaauts)
 A = Elapsed time spent in this place.
 B = Non-inter-level travel time spent in this place.
 C = Inter-level travel time spent in this place.
 D = Time resting spent in this place.
 E = Time spent auto-exploring this place.
 F = Levels seen in this place.
 G = Mean time per level.
                   A        B        C        D        E       F      G
               +--------+--------+--------+--------+--------+-----+--------+
         Total |   3936 |   3880 |     56 |    130 |   2939 |   8 |  492.0 |
       Dungeon |   3936 |   3880 |     56 |    130 |   2939 |   8 |  492.0 |
               +--------+--------+--------+--------+--------+-----+--------+

Top non-repeatable levels by time:
     D:6: 698 daAuts
     D:2: 660 daAuts
     D:3: 635 daAuts
     D:4: 602 daAuts
     D:5: 459 daAuts
     D:1: 448 daAuts
     D:7: 375 daAuts
     D:8: 55 daAuts

Levels and vault maps discovered:
D:1:      matt_arrival_diagonals, layout_basic,
          hellmonk_ecumenical_altar_watching_god
D:2:      layout_basic, minmay_rat_hole
D:3:      layout_basic, old_standard_altar, grunt_ministairs_10
D:4:      layout_basic, nrook_mini_backslash
D:5:      layout_rooms
D:6:      layout_loops_corners, kennysheep_mini, mainiacjoe_overflow_alcove_2,
          fedhas_altar_fruit_tree, gammafunk_temple_overflow_elements,
          nicolae_ru_sacrificial_ziggurat, mainiacjoe_overflow_cross_hatched,
          minmay_temple_entry_trees
D:7:      layout_gridville, nicolae_uskayaw_dance_hall,
          nicolae_overflow_crystal_walls, the_hattery, uniq_maggie
D:8:      layout_cave_pools, lair_entry_dummy, uniq_psyche

Table legend: (Time is in decaauts)
 A = Elapsed time spent in this place.
 B = Non-inter-level travel time spent in this place.
 C = Inter-level travel time spent in this place.
 D = Time resting spent in this place.
 E = Time spent auto-exploring this place.
 F = Levels seen in this place.
 G = Mean time per level.
                   A        B        C        D        E       F      G
               +--------+--------+--------+--------+--------+-----+--------+
         Total |   3936 |   3880 |     56 |    130 |   2939 |   8 |  492.0 |
       Dungeon |   3936 |   3880 |     56 |    130 |   2939 |   8 |  492.0 |
               +--------+--------+--------+--------+--------+-----+--------+

Top non-repeatable levels by time:
     D:6: 698 daAuts
     D:2: 660 daAuts
     D:3: 635 daAuts
     D:4: 602 daAuts
     D:5: 459 daAuts
     D:1: 448 daAuts
     D:7: 375 daAuts
     D:8: 55 daAuts

Table legend:
 A = Kills in this place as a percentage of kills in the entire game.
 B = Kills by you in this place as a percentage of kills by you in the entire game.
 C = Kills by friends in this place as a percentage of kills by friends in the entire game.
 D = Other kills in this place as a percentage of other kills in the entire game.
 E = Experience gained in this place as a percentage of experience gained in the entire game.
 F = Experience gained in this place divided by the number of levels of this place that you have seen.
                   A       B       C       D       E      F
               +-------+-------+-------+-------+-------+----------------------
         Total | 100.0 | 100.0 |   N/A |   N/A | 100.0 | 442.1
       Dungeon | 100.0 | 100.0 |   N/A |   N/A | 100.0 | 442.1
               +-------+-------+-------+-------+-------+----------------------
